 Dungeon Crawl Stone Soup version 0.29-a0-393-g47a863cc1b (webtiles) character file.

Game seed: 2007818729829422435

540 HendSelp the Covered (level 7, -3/55 HPs)
             Began as a Formicid Fighter on May 10, 2022.
             Slain by an ogre
             ... wielding a +0 giant club
              (20 damage)
             ... on level 5 of the Dungeon.
             The game lasted 00:06:10 (3921 turns).

HendSelp the Covered (Formicid Fighter)             Turns: 3921, Time: 00:06:11

Health: -3/55      AC:  8    Str: 22    XL:     7   Next: 51%
Magic:  7/7        EV:  9    Int:  8    God:
Gold:   270        SH:  4    Dex: 10    Spells: 6/6 levels left

rFire   . . .      SeeInvis +   a - +0 flail
rCold   . . .      Faith    .   c - +0 buckler
rNeg    . . .      Spirit   .   b - +0 scale mail
rPois   .          Reflect  .   (helmet unavailable)
rElec   .          Harm     .   (no cloak)
rCorr   .          Rampage  .   n - +0 pair of gloves
Will    .....                   (no boots)
Stlth   ..........              g - amulet of regeneration
HPRegen 0.98/turn               (no ring)
MPRegen 0.10/turn               (no ring)

@: no status effects
A: permanent stasis, dig shafts and tunnels, antennae 3, four strong arms
a: Dig, Shaft Self


You were on level 5 of the Dungeon.
You visited 1 branch of the dungeon, and saw 5 of its levels.

You collected 270 gold pieces.

Inventory:

Hand Weapons
 a - a +0 flail (weapon)
Armour
 b - a +0 scale mail (worn)
 c - a +0 buckler (worn)
 n - a +0 pair of gloves (worn)
Jewellery
 g - an amulet of regeneration (around neck)
Wands
 l - a wand of mindburst (21)
Scrolls
 m - a scroll of amnesia
Potions
 d - 3 potions of cancellation {unknown}
 e - a potion of attraction
 f - a potion of resistance {unknown}
 h - 2 potions of magic {unknown}
 i - 4 potions of haste
 j - a potion of mutation {unknown}
 k - a potion of brilliance {unknown}


   Skills:
 + Level 4.8 Fighting
 + Level 5.1 Maces & Flails
 + Level 5.4 Armour
 + Level 4.7 Shields


You had 6 spell levels left.
You didn't know any spells.
Your spell library contained the following spells:

 Spells                   Type           Power      Damage    Failure   Level
 Magic Dart               Conj           0%         1d3       78%         1
 Call Imp                 Summ           0%         N/A       89%         2
 Dazzling Flash           Conj/Hex       0%         N/A       98%         3
 Mephitic Cloud           Conj/Pois/Air  0%         N/A       98%         3
 Iskenderun's Mystic Bla  Conj/Tloc      0%         2d3       100%        4
 Starburst                Conj/Fire      0%         6d3       100%        6


Dungeon Overview and Level Annotations

Branches:
Dungeon (5/15)
 Temple: D:4-7

Altars:
Ashenzari
Nemelex Xobeh
Okawaru
Sif Muna
Trog
The Shining One

Shops:
D:4 !

Annotations:
D:4 3 runed translucent doors, jimonade's ghost, amateur VSTm


Innate Abilities, Weirdness & Mutations

You cannot be hasted, slowed, berserked, paralysed or teleported.
You can dig through walls and to a lower floor.
You have a pair of large antennae on your head. (SInv)
Your four strong arms can wield two-handed weapons with a shield.


Message History

An ogre comes into view. It is wielding a +0 giant club.
The ogre shouts!
An ogre is nearby!
The ogre closely misses you.
You hit the ogre.
The ogre is lightly wounded.
You block the ogre's attack.
You hit the ogre.
The ogre is moderately wounded.
You hit the ogre.
The ogre is heavily wounded.
The ogre hits you with a +0 giant club!!
You barely miss the ogre.
The ogre is heavily wounded.
The ogre hits you with a +0 giant club!
* * * LOW HITPOINT WARNING * * *
You are too injured to fight recklessly!
You are too injured to fight recklessly!
You are too injured to fight recklessly!
You are too injured to fight recklessly!
You are too injured to fight recklessly!
You are too injured to fight recklessly!
You are too injured to fight recklessly!
You are too injured to fight recklessly!
You are too injured to fight recklessly!
You are too injured to fight recklessly!
You are too injured to fight recklessly!
You are too injured to fight recklessly!
You are too injured to fight recklessly!
Unknown command.
Unknown command.
Okay, then.
You barely miss the ogre.
The ogre is heavily wounded.
The ogre closely misses you.
Unknown command.
You barely miss the ogre.
The ogre is heavily wounded.
The ogre hits you with a +0 giant club!!
You die...

########†#.#
.........
...........#
########.
........####
########.
........#
#........
........#
.#####.#
........# #..
........#
####..
........#
#....<
.......@#
#........
.......O#
####.....
....!....
......#.
..........
#.####...
........... #
#.##
............
#.#
.........####
#.#
.........#


You could see an ogre.

Vanquished Creatures
  A black bear (D:4)
  2 ogres (D:4)
  A phantom (D:4)
  An orc priest (D:4)
  A hound (D:5)
  7 adders
  2 worms
  2 dart slugs
  7 orcs (D:4)
  3 endoplasms
  2 giant cockroaches
  3 goblins
  3 hobgoblins
  3 jackals (D:2)
  5 quokkas
  8 ball pythons
  4 bats
  3 frilled lizards
  6 kobolds
  5 rats
69 creatures vanquished.

Notes
Turn   | Place    | Note
-------+----------+-------------------------------------------
     0 | D:1      | HendSelp the Formicid Fighter began the quest for the Orb.
     0 | D:1      | Reached XP level 1. HP: 18/18 MP: 1/1
   168 | D:1      | Found a faded altar of an unknown god.
   276 | D:1      | Reached XP level 2. HP: 22/24 MP: 2/2
  1014 | D:1      | Reached XP level 3. HP: 29/29 MP: 3/3
  1889 | D:2      | Identified the +0 dagger of the Bespelling Stoat {speed,
                  | rElec Int+2 Stlth-}
  2004 | D:2      | Reached XP level 4. HP: 36/36 MP: 4/4
  2868 | D:3      | Found a bloodstained altar of Trog.
  2877 | D:3      | Found a broken altar of Ashenzari.
  2909 | D:4      | Found an iron altar of Okawaru.
  2970 | D:4      | Noticed a phantom
  2981 | D:4      | Killed a phantom
  2982 | D:4      | Reached XP level 5. HP: 42/42 MP: 5/5
  3008 | D:4      | Noticed jimonade's ghost (amateur VSTm)
  3008 | D:4      | Noticed an ice beast
  3008 | D:4      | Noticed an ice beast
  3009 | D:4      | Noticed an ogre
  3018 | D:4      | Killed an ogre
  3019 | D:4      | Reached XP level 6. HP: 24/48 MP: 6/6
  3097 | D:4      | Noticed an ogre
  3105 | D:4      | Killed an ogre
  3106 | D:4      | Reached skill level 5 in Armour
  3176 | D:4      | Reached XP level 7. HP: 32/55 MP: 7/7
  3245 | D:4      | Reached skill level 5 in Maces & Flails
  3324 | D:4      | Found Vowyckai's Distillery.
  3387 | D:4      | Found a runed translucent gate.
  3387 | D:4      | Found a runed translucent gate.
  3410 | D:4      | Found a runed translucent gate.
  3672 | D:4      | Found a sparkling altar of Nemelex Xobeh.
  3676 | D:4      | Found a glowing golden altar of the Shining One.
  3677 | D:4      | Found a shimmering blue altar of Sif Muna.
  3795 | D:5      | Entered Level 5 of the Dungeon
  3921 | D:5      | Slain by an ogre

Illustrated notes

Levels and vault maps discovered:
D:1:      kennysheep_arrival_seaside, layout_basic,
          dreamdust_ecumenical_altar_statues, serial_co_window_serial,
          co_window_paths_a, co_window_of_opportunity_a, co_window_paths_a,
          co_window_paths_a, co_window_of_opportunity_a, co_window_corner_a,
          co_window_paths_b, co_window_corner_b, co_window_broadway_c,
          co_window_broadway_b, co_window_unsneaky_path_d, co_window_2corner,
          co_window_corner_cb, co_window_4corner_b, glass_columns_a,
          glass_columns_b, glass_columns_b, glass_columns_c, amethyst_killhole
D:2:      layout_loops_ring, minmay_misc_feat_pillars
D:3:      layout_basic, mainiacjoe_overflow_swirl
D:4:      layout_basic, mainiacjoe_overflow_chevrons, minitemple,
          gammafunk_ghost_icy, serial_shops, nicolae_shop_crystal,
          grunt_ministairs_13, minivault_23
D:5:      layout_basic

Skill      XL: |  1  2  3  4  5  6  7 |
---------------+----------------------+-----
Shields        | 4 |  4.7
Armour         | 4 5 |  5.4
Maces & Flails | 3 4 5 |  5.1
Fighting       | 4 |  4.8

Action                   |  1- 3 |  4- 6 |  7- 9 || total
-------------------------+-------+-------+-------++-------
Melee: Flail             |    99 |   120 |    49 ||   268
 Abil: Dig               |     1 |       |       ||     1
  Use: Scroll            |     1 |     6 |     1 ||     8
       Potion            |       |     4 |       ||     4
Armor: Scale mail        |    50 |    61 |    40 ||   151
Dodge: Dodged            |    48 |    82 |    34 ||   164
Block: Buckler           |    22 |    29 |    14 ||    65

Table legend: (Time is in decaauts)
 A = Elapsed time spent in this place.
 B = Non-inter-level travel time spent in this place.
 C = Inter-level travel time spent in this place.
 D = Time resting spent in this place.
 E = Time spent auto-exploring this place.
 F = Levels seen in this place.
 G = Mean time per level.
                   A        B        C        D        E       F      G
               +--------+--------+--------+--------+--------+-----+--------+
         Total |   3995 |   3851 |    144 |    238 |   2938 |   5 |  799.0 |
       Dungeon |   3995 |   3851 |    144 |    238 |   2938 |   5 |  799.0 |
               +--------+--------+--------+--------+--------+-----+--------+

Top non-repeatable levels by time:
     D:1: 1791 daAuts
     D:4: 910 daAuts
     D:2: 768 daAuts
     D:3: 397 daAuts
     D:5: 128 daAuts
